 Dungeon Crawl Stone Soup version 0.28-a0-1143-gcf6077d4cc (webtiles) character file.

Game seed: 2599451167216407627

1442 septik the Cleaver (level 8, -8/66 HPs)
             Began as a Minotaur Berserker on Dec 13, 2021.
             Was a Priest of Trog.
             Mangled by an orc warrior (15 damage)
             ... on level 6 of the Dungeon.
             The game lasted 00:08:04 (5490 turns).

septik the Cleaver (Minotaur Berserker)             Turns: 5490, Time: 00:08:05

Health: -8/66      AC:  6    Str: 23    XL:     8   Next: 46%
Magic:  7/7        EV: 12    Int:  4    God:    Trog [***...]
Gold:   292        SH:  0    Dex: 11    Spells: 7/7 levels left

rFire   . . .      SeeInvis .   a - +0 war axe
rCold   . . .      Faith    .   (no shield)
rNeg    . . .      Spirit   .   h - +0 animal skin
rPois   .          Reflect  .   (helmet restricted)
rElec   .          Harm     .   v - +2 cloak
rCorr   .          Rampage  .   x - +0 pair of gloves
Will    .....                   (no boots)
Stlth   +.........              (no amulet)
HPRegen 0.21/turn               (no ring)
MPRegen 0.10/turn               (no ring)

@: on berserk cooldown, slowed, very slow
A: horns 2, retaliatory headbutt
a: Renounce Religion, Berserk, Trog's Hand


You were on level 6 of the Dungeon.
You worshipped Trog.
Trog was most pleased with you.
You visited 1 branch of the dungeon, and saw 6 of its levels.

You collected 292 gold pieces.

Inventory:

Hand Weapons
 a - a +0 war axe (weapon)
 b - a +0 hunting sling
 l - a +0 hand axe
Missiles
 d - 121 stones (quivered)
 i - a throwing net
 s - 27 poisoned darts
Armour
 h - a +0 animal skin (worn)
 v - a +2 cloak (worn)
 x - a +0 pair of gloves (worn)
Jewellery
 r - a +4 ring of evasion
Scrolls
 c - a scroll of blinking {unknown}
 e - a scroll of identify
 k - a scroll of vulnerability {unknown}
 o - a scroll of fear {unknown}
 p - a scroll of enchant armour {unknown}
 q - a scroll of torment {unknown}
 u - a scroll of summoning {unknown}
 w - 2 scrolls of amnesia {unknown}
Potions
 f - 2 potions of heal wounds
 g - a potion of invisibility {unknown}
 j - 2 potions of curing
 m - a potion of cancellation {unknown}
 n - a potion of might {unknown}
 t - a potion of brilliance {unknown}


   Skills:
 - Level 3.6 Fighting
 + Level 12.9 Axes
 - Level 2.4 Armour
 - Level 2.2 Dodging


You had 7 spell levels left.
You didn't know any spells.
Your spell library was empty.

Dungeon Overview and Level Annotations

Branches:
Dungeon (6/15)             Temple (0/1) D:6

Altars:

Shops:
D:5 *


Innate Abilities, Weirdness & Mutations

You have a pair of horns on your head.
You reflexively headbutt those who attack you in melee.


Message History

Trog accepts your kill.
Unknown command.
No target in view!
Unknown command.
No target in view!
You are no longer berserk.
You are exhausted.
You feel yourself slow down.
You feel sick.
You start resting.
You feel sick. x2
You are no longer poisoned.
An orc warrior comes into view. It is wielding a +0 scimitar.
There is an open door here.
You hit the orc warrior but do no damage.
The orc warrior curses noisily.
The orc warrior closely misses you.
You slash the orc warrior!
The orc warrior is moderately wounded.
The orc warrior hits you with a +0 scimitar!
The orc warrior misses you. You furiously retaliate!
You headbutt the orc warrior, but do no damage.
You hit the orc warrior. You headbutt the orc warrior.
The orc warrior is severely wounded.
The orc warrior closely misses you.
You barely miss the orc warrior.
The orc warrior is severely wounded.
The orc warrior hits you with a +0 scimitar!
You barely miss the orc warrior.
The orc warrior is severely wounded.
The orc warrior hits you with a +0 scimitar!
You slash the orc warrior! Your headbutt misses the orc warrior.
The orc warrior is almost dead.
The orc warrior hits you with a +0 scimitar!
* * * LOW HITPOINT WARNING * * *
The orc warrior hits you with a +0 scimitar!
* * * LOW HITPOINT WARNING * * *
You barely miss the orc warrior. Your headbutt misses the orc warrior.
The orc warrior is almost dead.
The orc warrior hits you with a +0 scimitar!
You die...

##. #..# ..# #...#
#o# ...# .>....
#..#..#
P.....####+##)##+##
P.P.....#.........#
>P......#.8..8..8.#
.P......#....o...)#
PP.....#####@#####.#
#......#..........#
###'##...#.......
#..<.....#.......
#........#.......
+........+.......
#...###+##.......
#...# ....... #####
#######


You could see an orc warrior.

Vanquished Creatures
  A troll (D:5)
  A hornet (D:4)
  Eustachio (D:4)
  An ice beast (D:6)
  A necrophage (D:5)
  2 ogres
  2 scorpions
  A wyvern zombie (D:6)
  A howler monkey (D:4)
  An orc priest (D:5)
  A jelly (D:4)
  2 iguanas
  A hound zombie (D:5)
  7 adders
  An ufetubus (D:5)
  2 worms
  2 dart slugs
  8 orcs
  11 endoplasms
  3 giant cockroaches
  14 goblins
  4 hobgoblins
  6 jackals
  A quokka (D:1)
  9 ball pythons
  6 bats
  3 frilled lizards
  12 kobolds
  6 rats
111 creatures vanquished.

Notes
Turn   | Place    | Note
-------+----------+-------------------------------------------
     0 | D:1      | septik the Minotaur Berserker began the quest for the Orb.
     0 | D:1      | Reached XP level 1. HP: 19/19 MP: 0/0
   299 | D:1      | Reached skill level 4 in Axes
   375 | D:1      | Found a faded altar of an unknown god.
   387 | D:1      | Reached XP level 2. HP: 19/27 MP: 1/1
  1011 | D:1      | Reached ** piety under Trog
  1017 | D:1      | Reached skill level 5 in Axes
  1092 | D:1      | Reached XP level 3. HP: 31/33 MP: 2/2
  1791 | D:2      | Reached XP level 4. HP: 36/40 MP: 3/3
  1931 | D:2      | Reached skill level 6 in Axes
  2411 | D:3      | Reached *** piety under Trog
  3240 | D:4      | Noticed an ogre
  3253 | D:4      | Killed an ogre
  3254 | D:4      | Reached skill level 7 in Axes
  3254 | D:4      | Reached XP level 5. HP: 46/46 MP: 4/4
  3276 | D:4      | Reached skill level 8 in Axes
  3419 | D:4      | Reached XP level 6. HP: 38/52 MP: 5/5
  3495 | D:4      | Noticed a hornet
  3605 | D:4      | Killed a hornet
  3606 | D:4      | Reached skill level 9 in Axes
  3607 | D:4      | Noticed Eustachio
  3678 | D:4      | Killed Eustachio
  3679 | D:4      | Reached skill level 10 in Axes
  3679 | D:4      | Reached XP level 7. HP: 30/58 MP: 6/6
  4378 | D:5      | Entered Level 5 of the Dungeon
  4638 | D:5      | Found Nunnuwau's General Store.
  4749 | D:5      | Reached skill level 11 in Axes
  4926 | D:5      | Noticed a troll
  4932 | D:5      | Killed a troll
  4933 | D:5      | Reached XP level 8. HP: 66/66 MP: 7/7
  5161 | D:5      | Reached skill level 12 in Axes
  5454 | D:6      | Found a staircase to the Ecumenical Temple.
  5490 | D:6      | Mangled by an orc warrior

Illustrated notes

Levels and vault maps discovered:
D:1:      saegor_arrival_under_anarchy, layout_basic,
          ebering_ecumenical_altar_webs
D:2:      layout_basic
D:3:      layout_loops_corners, grunt_ministairs_11,
          chequers_serial_rivers_marsh
D:4:      layout_rooms, kennysheep_doodads, ebering_dispersal_statue_hall,
          uniq_eustachio
D:5:      layout_basic, serial_shops, shop
D:6:      minmay_chambers_of_threes, layout_gridville,
          minmay_temple_entry_overgrown, uniq_grinder, uniq_edmund, uniq_duvessa

Skill      XL: |  1  2  3  4  5  6  7  8 |
---------------+-------------------------+-----
Axes           | 4 5 7 8 10 11 12 | 12.9
Fighting       | |  3.6
Armour         | |  2.4
Dodging        | |  2.2

Action                   |  1- 3 |  4- 6 |  7- 9 || total
-------------------------+-------+-------+-------++-------
Melee: Hand axe          |    75 |    15 |       ||    90
       Headbutt          |    12 |     8 |    12 ||    32
       War axe           |       |    48 |    68 ||   116
Throw: Stone             |     8 |    17 |       ||    25
Invok: Berserk           |       |     3 |     2 ||     5
       Trog's Hand       |       |     2 |       ||     2
  Use: Scroll            |       |     2 |       ||     2
 Stab: Sleeping          |     2 |       |       ||     2
Armor: Animal skin       |    10 |     8 |     6 ||    24
Dodge: Dodged            |    40 |    49 |    30 ||   119

Table legend: (Time is in decaauts)
 A = Elapsed time spent in this place.
 B = Non-inter-level travel time spent in this place.
 C = Inter-level travel time spent in this place.
 D = Time resting spent in this place.
 E = Time spent auto-exploring this place.
 F = Levels seen in this place.
 G = Mean time per level.
                   A        B        C        D        E       F      G
               +--------+--------+--------+--------+--------+-----+--------+
         Total |   5544 |   5322 |    222 |    523 |   4055 |   6 |  924.0 |
       Dungeon |   5544 |   5322 |    222 |    523 |   4055 |   6 |  924.0 |
               +--------+--------+--------+--------+--------+-----+--------+

Top non-repeatable levels by time:
     D:3: 1508 daAuts
     D:1: 1407 daAuts
     D:5: 1076 daAuts
     D:2: 795 daAuts
     D:4: 717 daAuts
     D:6: 38 daAuts
